AoeStats
← Changretta

Arabia

505715350Analyzed
2v2 RM · 21d ago on Sep 10, 2026· 32m 31s· 4 players
Game mode
Random Map
Map size
Medium (4 player)
Population
200
Speed
Normal
Resources
Standard
Victory
Conquest
Starting age
Dark Age
Ending age
Imperial Age
RankedLock teamsTeams togetherTeam positionsShared explorationLock speedFull tech treeHidden civsTurbo modeCheats
Victory
Defeat
🇬🇧 Vikings · United Kingdom
839
+12
🇩🇪 Mongols · Germany
819
+13
🇦🇷 Franks · Argentina
757
-13
🇦🇷 Maya · Argentina
751
-12
Maxiga1998
9:31 Feudal Age
21:27 Castle Age
19:55 Gold Mining
20:45 Horse Collar
20:54 Double-Bit Axe
23:21 Fletching
25:16 Bodkin Arrow
26:51 Padded Archer Armor
27:40 Bow Saw
31:37 Wheelbarrow
34:39 Imperial Age
32:21 Pikeman
SpackEye
10:03 Loom
11:48 Feudal Age
16:49 Castle Age
18:15 Fletching
18:27 Padded Archer Armor
18:15 Crossbowman
26:04 Double-Bit Axe
26:01 Horse Collar
26:25 Bodkin Arrow
26:36 Scale Mail Armor
29:45 Bodkin Arrow
30:06 Leather Archer Armor
31:44 Ballistics
El Beto 912
7:50 Loom
11:41 Feudal Age
19:09 Double-Bit Axe
21:27 Castle Age
19:52 Scale Barding Armor
20:03 Gold Mining
24:30 Wheelbarrow
28:07 Hand Cart
Changretta
8:30 Loom
11:08 Feudal Age
12:33 Double-Bit Axe
15:02 Horse Collar
15:17 Fletching
15:27 Padded Archer Armor
17:53 Stone Mining
17:53 Gold Mining
24:17 Wheelbarrow
28:51 Castle Age
31:59 Bow Saw
31:53 Heavy Plow
Connection lost

Rejoining the realm…

Still unreachable

The connection could not be restored.

Session expired

The server has moved on; the page needs a fresh start.